 Dungeon Crawl Stone Soup version 0.24.1 (webtiles) character file.

Game seed: 8007823359109946407, levelgen mode: deterministic

1418 Curus the Cruncher (level 8, 0/45 HPs)
             Began as a Gargoyle Gladiator on Mar 26, 2020.
             Was a Follower of Makhleb.
             Shot with an arrow by a centaur (7 damage)
             ... on level 6 of the Dungeon.
             The game lasted 00:18:47 (4382 turns).

Curus the Cruncher (Gargoyle Gladiator)             Turns: 4382, Time: 00:18:47

Health: 0/45       AC: 17    Str: 19    XL:     8   Next: 71%
Magic:  8/8        EV: 10    Int: 10    God:    Makhleb [*.....]
Gold:   231        SH:  0    Dex: 13    Spells: 7/7 levels left

rFire    . . .     SeeInvis .   l - +4 quarterstaff (chaos)
rCold    . . .     Gourm    .   (shield currently unavailable)
rNeg     + . .     Faith    .   o - +0 scale mail
rPois    ∞         Spirit   .   c - +1 helmet
rElec    +         Reflect  .   m - +1 cloak
rCorr    .         Harm     .   q - +0 pair of gloves
MR       .....                  (no boots)
Stlth    ..........             (no amulet)
HPRegen  0.15/turn              (no ring)
MPRegen  0.11/turn              (no ring)

@: no status effects
A: rugged brown scales 1, high mp 1, negative energy resistance 1, electricity
resistance, strong 1, unbreathing, petrification resistance, rot immunity, AC +5
a: Renounce Religion


You were on level 6 of the Dungeon.
You worshipped Makhleb.
Makhleb was aware of your devotion.
You were not hungry.

You visited 1 branch of the dungeon, and saw 6 of its levels.

You collected 231 gold pieces.

Inventory:

Hand Weapons
 a - a +0 quarterstaff
 l - a +4 quarterstaff of chaos (weapon)
Missiles
 d - 3 throwing nets (quivered)
Armour
 b - a +0 leather armour
 c - a +1 helmet (worn)
 e - a +0 leather armour
 k - a +0 ring mail
 m - a +1 cloak (worn)
 o - a +0 scale mail (worn)
 q - a +0 pair of gloves (worn)
Wands
 r - a wand of paralysis (9)
Scrolls
 i - 4 scrolls of remove curse
 n - 2 scrolls of identify
 s - 2 scrolls of teleportation
Potions
 g - a potion of curing
 h - 3 potions of might
 j - 2 potions of heal wounds
Comestibles
 f - 6 rations


   Skills:
 - Level 2.1 Fighting
 + Level 10.8 Staves
 - Level 1.7 Throwing
 - Level 2.4 Dodging


You had 7 spell levels left.
You didn't know any spells.
Your spell library contained the following spells:

 Spells                   Type           Power        Failure   Level  Hunger
 Confusing Touch          Hex            #.....       77%         1    ##.....
 Confuse                  Hex            #.......     98%         3    ####...
 Gell's Gravitas          Tloc           #.........   98%         3    ####...
 Petrify                  Tmut/Erth      #.......     100%        4    #####..
 Metabolic Englaciation   Hex/Ice        #.........   100%        5    ######.
 Yara's Violent Unravell  Hex/Tmut       #.........   100%        5    ######.


Dungeon Overview and Level Annotations

Branches:
Dungeon (6/15)
 Temple: D:4-7

Altars:
Makhleb


Innate Abilities, Weirdness & Mutations

You are resistant to torment.
Your stone body is resilient. (AC +5)
You are immune to poison.
You resist negative energy. (rN+)
You are resistant to electric shocks. (rElec)
You can survive without breathing.
You are immune to petrification.
You are immune to rotting.
You are partially covered in rugged brown scales. (AC +1, +3% HP)
You have an increased reservoir of magic. (+10% MP)
Your muscles are strong. (Str +2)


Message History

You swap places.
The centaur shoots an arrow.
The arrow hits your leopard gecko zombie!
The arrow burns your leopard gecko zombie.
Your leopard gecko zombie is destroyed!
The centaur wields a +0 shortbow.
The centaur shoots an arrow.
The arrow hits you!
You see here an arrow.
The centaur shoots an arrow.
The arrow hits you. The arrow burns you.
* * * LOW HITPOINT WARNING * * *
You see here 3 arrows.
The centaur shoots an arrow.
The arrow barely misses you.
You see here an arrow.
The centaur shoots an arrow.
The arrow hits you.
* * * LOW HITPOINT WARNING * * *
The arrow burns you.
* * * LOW HITPOINT WARNING * * *
The centaur shoots an arrow.
The arrow hits you but does no damage.
You see here an arrow.
The centaur shoots an arrow.
The arrow hits you!
You die...

######### #.......#
#.#####<# #.# #.#
#.#####.######
##.##......@((####
##..Z#.##....((((.##
#####.###.......##..#(.#
).....# #..##.#.≈≈≈≈≈≈.#
#####.#
#.###.≈≈≈≈≈≈≈≈≈≈≈
..........#
#≈≈≈≈≈..≈≈≈≈≈≈#
######.....
≈≈≈≈≈.####c≈≈≈≈#
..........≈≈≈≈≈≈≈.#
#c≈≈≈≈.
######.<≈≈≈≈≈≈≈≈≈.#
..≈≈≈#


You could see 2 centaurs.

Vanquished Creatures
  Eustachio (D:6)
  An orc warrior (D:6)
  2 ice beasts
  An ogre (D:6)
  A sky beast (D:6)
  A centaur (D:6)
  A howler monkey (D:5)
  3 hounds
  3 iron imps (D:3)
  Crazy Yiuf (D:2)
  A bullfrog skeleton (D:4)
  An orc wizard (D:3)
  5 worker ants
  A hound zombie (D:5)
  6 gnolls
  A howler monkey skeleton (D:4)
  10 adders
  A shadow imp (D:5)
  An ooze (D:4)
  2 adder zombies (D:5)
  An adder skeleton (D:4)
  4 worms
  2 dart slugs (D:1)
  6 leopard geckos
  16 orcs
  3 ball pythons
  2 giant cockroaches
  4 goblins
  14 hobgoblins
  4 jackals (D:1)
  5 quokkas
  6 bats
  5 frilled lizards
  12 kobolds
  A quokka skeleton (D:4)
  5 rats
134 creatures vanquished.

Notes
Turn   | Place    | Note
-------+----------+-------------------------------------------
     0 | D:1      | Curus the Gargoyle Gladiator began the quest for the Orb.
     0 | D:1      | Reached XP level 1. HP: 12/12 MP: 1/1
   173 | D:1      | Reached XP level 2. HP: 15/17 MP: 2/2
   575 | D:1      | Reached skill level 4 in Staves
   636 | D:1      | Reached XP level 3. HP: 21/21 MP: 3/3
  1308 | D:2      | Reached XP level 4. HP: 25/26 MP: 4/4
  1359 | D:2      | Reached skill level 5 in Staves
  1453 | D:2      | Reached XP level 5. HP: 29/30 MP: 5/5
  1994 | D:2      | Found a runed translucent door.
  1995 | D:2      | Noticed Crazy Yiuf
  2006 | D:2      | Killed Crazy Yiuf
  2006 | D:2      | Reached skill level 6 in Staves
  2275 | D:3      | Reached XP level 6. HP: 34/35 MP: 6/6
  2591 | D:3      | Found a burning altar of Makhleb.
  2606 | D:3      | Reached skill level 7 in Staves
  2622 | D:3      | Became a worshipper of Makhleb the Destroyer
  2845 | D:4      | Reached XP level 7. HP: 39/40 MP: 7/7
  2985 | D:5      | Entered Level 5 of the Dungeon
  3044 | D:5      | Reached skill level 8 in Staves
  3113 | D:5      | Gained mutation: Your muscles are strong. (Str +2) [potion
                  | of mutation]
  3113 | D:5      | Gained mutation: You have an increased reservoir of magic.
                  | (+10% MP) [potion of mutation]
  3113 | D:5      | Gained mutation: You are partially covered in rugged brown
                  | scales. (AC +1, +3% HP) [potion of mutation]
  3211 | D:5      | Reached * piety under Makhleb
  3488 | D:4      | Reached skill level 9 in Staves
  4028 | D:6      | Reached XP level 8. HP: 45/45 MP: 8/8
  4136 | D:6      | Noticed Eustachio
  4163 | D:6      | Killed Eustachio
  4163 | D:6      | Reached skill level 10 in Staves
  4382 | D:6      | Shot with an arrow by a centaur

Levels and vault maps discovered:
D:1:      mrwooster_arrival_arrow, layout_basic
D:2:      layout_loops_corners, first_ration, eino_tiny_chamber,
          uniq_crazy_yiuf_cottage
D:3:      layout_rooms, demons_altar
D:4:      layout_basic
D:5:      layout_basic
D:6:      layout_loops_ring, centaur_isle, uniq_eustachio

Skill      XL: |  1  2  3  4  5  6  7  8 |
---------------+-------------------------+-----
Staves         | 4 5 6 7 9 10 | 10.8
Fighting       | |  2.1
Throwing       | |  1.7
Dodging        | |  2.4

Action                   |  1- 3 |  4- 6 |  7- 9 || total
-------------------------+-------+-------+-------++-------
Melee: Quarterstaff      |    97 |   189 |   145 ||   431
  Use: Potion            |     4 |     4 |     2 ||    10
       Scroll            |     2 |     3 |     3 ||     8
 Stab: Paralysed         |       |       |     3 ||     3
  Eat: Chunk             |     1 |     5 |     5 ||    11
Armor: Leather armour    |    41 |    12 |       ||    53
       Ring mail         |       |    41 |       ||    41
       Scale mail        |       |    22 |    95 ||   117
Dodge: Dodged            |    75 |    81 |    58 ||   214
